 Dungeon Crawl Stone Soup version 0.30.1 (webtiles) character file.

Game seed: 17109975940072366905

28406 monsoonserge the Tainter (level 13, -13/101 HPs)
             Began as a Purple Draconian Venom Mage on July 13, 2023.
             Was an Elder of Sif Muna.
             Mangled by a red draconian
             ... wielding a +0 glaive
              (19 damage)
             ... in a volcano on July 14, 2023.
             The game lasted 01:41:16 (16730 turns).

monsoonserge the Tainter (DrVM)                    Turns: 16730, Time: 01:41:16

Health: -13/101    AC: 15    Str: 10    XL:     13   Next: 9%
Magic:  4/25       EV: 14    Int: 22    God:    Sif Muna [****..]
Gold:   1274       SH:  7    Dex: 15    Spells: 0/28 levels left

rFire   + . .        G - +7 scimitar
rCold   + . .        C - +2 buckler of Kurr {rElec Dex+4}
rNeg    . . .        (body armour unavailable)
rPois   .            (helmet restricted)
rElec   +            K - scarf {rC+ rF+}
rCorr   .            i - +1 Delatra's gloves {ID++}
SInv    .            k - +0 pair of boots
Will    +....        y - amulet of the acrobat
Stlth   +++          W - +4 ring of slaying
HPRegen 0.36/turn    H - +4 ring of protection
MPRegen 0.19/turn

%: acrobat
@: brilliant
A: breathe power, AC +8, unfitting armour, cold-blooded
a: Breathe Dispelling Energy, Renounce Religion, Channel Magic, Forget Spell,
Divine Exegesis


You were in a volcano.
You worshipped Sif Muna.
Sif Muna was greatly pleased with you.
You visited 3 branches of the dungeon, and saw 15 of its levels.
You also visited: Bailey and Volcano.

You collected 1274 gold pieces.

Inventory:

Hand Weapons
 G - a +7 scimitar (weapon)
Missiles
 v - 32 poisoned darts
 B - a curare-tipped dart
 L - 2 boomerangs (quivered)
 P - a throwing net
Armour
 i - the +1 Delatra's gloves (worn) {ID++}
   (You found it on level 2 of the Dungeon)

   ID++:      It heals its wearer when they drink unknown potions, and restores
   their MP when they read unknown scrolls.
 k - a +0 pair of boots (worn)
 C - the +2 buckler of Kurr (worn) {rElec Dex+4}
   (You found it on level 6 of the Dungeon)

   Dex:       It affects your dexterity (+4).
   rElec:     It insulates you from electricity.
 K - a scarf of resistance (worn)
Magical Staves
 t - a staff of cold
Jewellery
 y - an amulet of the acrobat (around neck)
 E - a ring of ice
 H - a +4 ring of protection (right hand)
 U - a ring of flight
 W - a +4 ring of slaying (left hand)
Wands
 c - a wand of polymorph (7)
 l - a wand of flame (49)
 s - a wand of digging (7)
 M - a wand of roots (6)
 Y - a wand of mindburst (3)
 Z - a wand of quicksilver (3)
Scrolls
 b - 21 scrolls of identify {unknown}
 g - 4 scrolls of blinking {unknown}
 j - 2 scrolls of brand weapon {unknown}
 n - 2 scrolls of magic mapping {unknown}
 o - 3 scrolls of fear {unknown}
 p - 10 scrolls of teleportation {unknown}
 r - 6 scrolls of poison {unknown}
 u - 2 scrolls of enchant weapon {unknown}
 F - 2 scrolls of noise {unknown}
 J - 4 scrolls of amnesia {unknown}
 N - a scroll of acquirement {unknown}
Potions
 a - a potion of magic
 e - 2 potions of degeneration {unknown}
 f - 2 potions of heal wounds {unknown}
 h - 4 potions of cancellation {unknown}
 m - 4 potions of haste
 q - 7 potions of lignification {unknown}
 w - 2 potions of flight {unknown}
 x - 2 potions of mutation {unknown}
 z - 7 potions of brilliance
 A - 3 potions of curing {unknown}
 I - 4 potions of attraction {unknown}
 S - 4 potions of resistance {unknown}
 V - a potion of invisibility {unknown}


   Skills:
 + Level 5.5 Fighting
 + Level 2.5(5.7) Short Blades
 + Level 8.1(8.3) Long Blades
 + Level 4.9 Staves
 + Level 5.9 Dodging
 + Level 4.5 Stealth
 + Level 5.3 Shields
 + Level 8.3 Spellcasting
 * Level 7.0 Conjurations
 * Level 3.0 Hexes
 - Level 2.0 Transmutations
 - Level 4.0 Ice Magic
 * Level 4.0 Air Magic
 + Level 9.7 Poison Magic
 - Level 8.0 Invocations
 + Level 3.2 Evocations


You couldn't memorise any spells.
You knew the following spells:

 Your Spells              Type           Power      Damage    Failure   Level
a - Sting                 Tmut/Pois      100%       1d8       1%          1
b - Mephitic Cloud        Conj/Pois/Air  56%        N/A       1%          3
c - Olgreb's Toxic Radia  Pois           67%        N/A       1%          4
d - Cause Fear            Hex            16%        N/A       30%         4
e - Hailstorm             Conj/Ice       50%        3d11      3%          3
f - Iskenderun's Battles  Conj           56%        2d11      16%         5
g - Airstrike             Air            20%        2d(3-19)  19%         4
h - Fulminant Prism       Conj/Hex       23%        3d12      13%         4

Your spell library contained the following spells:

 Spells                   Type           Power      Damage    Failure   Level
 Freeze                   Ice            100%       1d10      1%          1
 Shock                    Conj/Air       100%       1d9       1%          1
 Poisonous Vapours        Pois/Air       100%       N/A       1%          2
 Slow                     Hex            100%       N/A       3%          1
 Dazzling Flash           Conj/Hex       92%        N/A       3%          3
 Frozen Ramparts          Ice            80%        1d13      6%          3
 Ozocubu's Armour         Ice            40%        N/A       6%          3
 Swiftness                Air            40%        N/A       6%          3
 Stone Arrow              Conj/Erth      72%        3d11      7%          3
 Confusing Touch          Hex            33%        N/A       9%          3
 Lesser Beckoning         Tloc           26%        N/A       16%         2
 Scorch                   Fire           26%        2d6       16%         2
 Flame Wave               Conj/Fire      36%        2d10      24%         4
 Gell's Gravitas          Tloc           13%        N/A       30%         3
 Teleport Other           Tloc           13%        N/A       30%         3
 Vampiric Draining        Necr           13%        2d6       30%         3
 Anguish                  Hex/Necr       11%        N/A       50%         4
 Silence                  Hex/Air        18%        N/A       54%         5
 Metabolic Englaciation   Hex/Ice        18%        N/A       56%         5
 Agony                    Necr           13%        N/A       96%         5
 Iron Shot                Conj/Erth      18%        9d4       98%         6
 Simulacrum               Ice/Necr       13%        N/A       100%        6
 Summon Cactus Giant      Summ           6%         N/A       100%        6
 Enfeeble                 Hex            16%        N/A       100%        7
 Spellforged Servitor     Conj/Summ      18%        N/A       100%        7


Dungeon Overview and Level Annotations

Branches:
Dungeon (11/15)            Temple (1/1) D:5            Lair (3/5) D:8
  Swamp (0/4) Lair:2       Bailey (visited)         Volcano (1/1)
  Snake: Lair:2-3    Spider: Lair:2-3       Orc: D:9-12

Altars:
Ashenzari
Cheibriados
Dithmenos
Elyvilon
Fedhas
Gozag
Hepliaklqana
Kikubaaqudgha
Makhleb
Nemelex Xobeh
Okawaru
Qazlal
Ru
Sif Muna
Trog
Uskayaw
Vehumet
Wu Jian
Xom
Yredelemnul
Zin
The Shining One

Shops:
D:10 *[


Innate Abilities, Weirdness & Mutations

You can breathe bolts of dispelling energy.
Your rich purple scales are hard. (AC +8)
You cannot fit into any form of body armour.
You are cold-blooded and may be slowed by cold attacks.


Message History

You block the red draconian's attack.
Press: ? - help, v - describe, . - travel
Here: a red draconian, wielding a +0 glaive (severely wounded, catching its breath)
The floor.
Casting: Mephitic Cloud (safe; 1% risk of failure)
Confirm with . or Enter, or press ? or * to list all spells.
Aiming: Airstrike (dangerous; 19% risk of failure)
Press: ? - help, Dir - move target, f - red draconian
Aim: a red draconian, wielding a +0 glaive (severely wounded, catching its breath, empty space bonus: 4/8)
You feel a surge of power!
The air twists around and strikes the red draconian.
The red draconian is almost dead.
You are engulfed in blazing flames.
You resist.
* * * LOW HITPOINT WARNING * * *
The red draconian hits you but does no damage.
Casting: Airstrike (dangerous; 19% risk of failure)
Confirm with . or Enter, or press ? or * to list all spells.
Aiming: Airstrike (dangerous; 19% risk of failure)
Press: ? - help, Dir - move target, f/p - red draconian
Aim: a red draconian, wielding a +0 glaive (almost dead, empty space bonus: 4/8)
You feel a surge of power!
The air twists around and strikes the red draconian!
The red draconian is almost dead.
You are engulfed in blazing flames.
You resist.
* * * LOW HITPOINT WARNING * * *
The red draconian hits you but does no damage.
Press: ? - help, v - describe, . - travel
Here: a red draconian, wielding a +0 glaive (almost dead)
The floor.
Casting: Airstrike (dangerous; 19% risk of failure)
Confirm with . or Enter, or press ? or * to list all spells.
Aiming: Sting (safe; 1% risk of failure)
Press: ? - help, Shift-Dir - straight line, f/p - red draconian
Aim: a red draconian, wielding a +0 glaive (almost dead, 78% to hit)
You feel a surge of power!
The sting misses the red draconian.
You are engulfed in blazing flames.
You resist.
* * * LOW HITPOINT WARNING * * *
You have got your breath back.
The red draconian hits you with a +0 glaive!!
You die...

#......').....#
#8.....'.8...8#
##.8..8##..####
########..#
#..# #..# #..#
#..# '..# #..#
#..# #..# #..#
#.@# ').# #d.#
#..# #..# #))#
#..####..#
#........#
#........#
#~~####### #~~#
####


You could see a red draconian.

Vanquished Creatures
  Erolcha (D:11)
  A hydra (Lair:2)
  4 two-headed ogres
  Nergalle (Lair:1)
  Lodul (D:10)
  An orc knight (Bailey)
  A deep elf pyromancer (D:9)
  A deep elf zephyrmancer (Bailey)
  A cyclops (Volcano)
  3 black mambas
  A molten gargoyle (Volcano)
  5 gargoyles
  5 cane toads
  3 rime drakes
  A kobold demonologist (D:11)
  5 komodo dragons
  4 trolls
  Prince Ribbit (D:5)
  4 blink frogs (Lair:2)
  2 hornets
  3 wraiths
  A shadow (D:9)
  A wyvern (D:9)
  30 yaks
  2 basilisks (Lair:2)
  6 vampire mosquitoes (Lair:2)
  Menkaure (D:7)
  A swamp worm (D:7)
  Edmund (D:6)
  11 water moccasins
  4 orc warriors (Bailey)
  A sky beast (D:7)
  10 ogres
  2 wolves (Lair:2)
  7 centaurs
  6 kobold brigands
  3 gnoll sergeants
  14 bullfrogs
  3 scorpions
  5 wights (D:6)
  16 killer bees
  4 howler monkeys
  2 jellies
  Crazy Yiuf (D:3)
  3 hounds
  A gnoll bouda (D:9)
  5 iguanas
  8 orc priests
  5 orc wizards
  16 gnolls
  10 adders
  3 shadow imps
  A white imp (D:6)
  6 dart slugs
  A worm (D:2)
  38 orcs
  10 endoplasms
  2 giant cockroaches (D:2)
  7 goblins
  8 hobgoblins
  8 jackals
  32 kobolds
  2 quokkas
  10 ball pythons
  2 bats (D:3)
  3 frilled lizards
  6 rats
368 creatures vanquished.

Vanquished Creatures (collateral kills)
  A centaur (D:4)
  A hound (D:4)
2 creatures vanquished.

Vanquished Creatures (others)
  A swamp worm (D:7)
  Ijyb (D:3)
  A ball python zombie (D:4)
  6 fulminant prisms
9 creatures vanquished.

Grand Total: 379 creatures vanquished

Notes
Turn   | Place    | Note
-------+----------+-------------------------------------------
     0 | D:1      | monsoonserge the Draconian Venom Mage began the quest for
                  | the Orb.
     0 | D:1      | Reached XP level 1. HP: 14/14 MP: 3/3
   275 | D:1      | Reached XP level 2. HP: 20/20 MP: 5/5
   722 | D:1      | Reached XP level 3. HP: 26/26 MP: 3/6
   969 | D:2      | Found the +1 Delatra's gloves {ID++}
  1123 | D:2      | Reached skill level 1 in Short Blades
  1137 | D:2      | Learned a level 3 spell: Mephitic Cloud
  1150 | D:2      | Found a faded altar of an unknown god.
  1407 | D:2      | Reached XP level 4. HP: 28/34 MP: 3/7
  1413 | D:2      | Learned a level 4 spell: Olgreb's Toxic Radiance
  1660 | D:2      | Found a shimmering altar of Xom.
  2176 | D:3      | Found a runed translucent door.
  2177 | D:3      | Noticed Crazy Yiuf
  2188 | D:3      | Killed Crazy Yiuf
  2189 | D:3      | Reached skill level 1 in Fighting
  2189 | D:3      | Reached skill level 1 in Conjurations
  2293 | D:3      | Reached XP level 5. HP: 40/40 MP: 9/9
  2348 | D:3      | Noticed Ijyb
  2356 | D:3      | Killed Ijyb
  2357 | D:3      | Reached skill level 1 in Air Magic
  2975 | D:4      | Reached skill level 1 in Staves
  2975 | D:4      | Reached XP level 6. HP: 47/47 MP: 5/10
  3531 | D:4      | Your scales start taking on a rich purple colour.
  3531 | D:4      | Reached XP level 7. HP: 43/55 MP: 12/12
  3689 | D:5      | Entered Level 5 of the Dungeon
  3753 | D:5      | Reached skill level 4 in Poison Magic
  3809 | D:5      | Found a shimmering blue altar of Sif Muna.
  3829 | D:5      | Became a worshipper of Sif Muna the Loreminder
  3995 | D:5      | Found a staircase to the Ecumenical Temple.
  4001 | Temple   | Entered the Ecumenical Temple
  4480 | D:5      | Noticed Prince Ribbit
  4492 | D:5      | Killed Prince Ribbit
  4677 | D:6      | Identified the +2 buckler of Kurr {rElec Dex+4}
  4803 | D:5      | Reached XP level 8. HP: 63/63 MP: 10/14
  5058 | D:6      | Reached skill level 1 in Shields
  5451 | D:6      | Noticed Edmund
  5473 | D:6      | Killed Edmund
  5474 | D:6      | Reached skill level 5 in Poison Magic
  5483 | D:6      | Learned a level 3 spell: Confusing Touch
  5753 | D:6      | Reached skill level 5 in Spellcasting
  5753 | D:6      | Reached skill level 1 in Hexes
  5888 | D:6      | Found a hazy altar of Hepliaklqana.
  5890 | D:6      | Found a stormy altar of Qazlal.
  5890 | D:6      | Found a blossoming altar of Fedhas.
  5923 | D:6      | Found a shimmering altar of Xom.
  5923 | D:6      | Found an iron altar of Okawaru.
  5923 | D:6      | Found a shimmering altar of Xom.
  6092 | D:6      | Reached * piety under Sif Muna
  6131 | D:6      | Reached XP level 9. HP: 42/67 MP: 2/16
  6402 | D:6      | Learned a level 3 spell: Hailstorm
  6628 | D:7      | Reached skill level 1 in Ice Magic
  6628 | D:7      | Reached skill level 1 in Invocations
  7082 | D:7      | Reached skill level 1 in Long Blades
  7335 | D:7      | Noticed Menkaure
  7344 | D:7      | Killed Menkaure
  7653 | D:8      | Reached ** piety under Sif Muna
  7654 | D:8      | Reached skill level 6 in Poison Magic
  7666 | D:8      | Reached XP level 10. HP: 32/78 MP: 1/18
  7843 | D:8      | Paralysed by a hornet for 1 turns
  8370 | D:8      | Found a staircase to the Lair.
  8452 | D:8      | Reached skill level 5 in Conjurations
  8933 | D:9      | Reached skill level 7 in Poison Magic
  9171 | D:9      | Reached *** piety under Sif Muna
  9272 | D:9      | Noticed a two-headed ogre
  9280 | D:9      | Killed a two-headed ogre
  9433 | D:9      | Noticed a deep elf pyromancer
  9443 | D:9      | Killed a deep elf pyromancer
  9444 | D:9      | Reached XP level 11. HP: 67/84 MP: 17/20
  9855 | D:10     | Entered Level 10 of the Dungeon
  9870 | D:10     | Noticed a two-headed ogre
  9879 | D:10     | Killed a two-headed ogre
  9880 | D:10     | Reached skill level 5 in Invocations
  9939 | D:10     | Found Ytung's Demolitions Depot.
 10052 | D:10     | Found a flagged portal.
 10139 | Bailey   | Entered a bailey
 10224 | Bailey   | Found a large runed translucent door.
 10224 | Bailey   | Found a large runed translucent door.
 10225 | Bailey   | Noticed an orc knight
 10225 | Bailey   | Noticed a deep elf zephyrmancer
 10242 | Bailey   | Killed an orc knight
 10243 | Bailey   | Reached skill level 5 in Long Blades
 10263 | Bailey   | Reached skill level 8 in Poison Magic
 10437 | Bailey   | Killed a deep elf zephyrmancer
 10445 | Bailey   | Identified the +10 longbow of Qazlal's Castigation {flame,
                  | *Corrode *Slow +Blink rC++}
 10461 | Bailey   | Identified the staff of death "Ymidoas" {rC+ rN+}
 10642 | D:10     | Reached **** piety under Sif Muna
 10739 | D:10     | Found Egemoomo's Antique Armour Emporium.
 11071 | D:10     | Noticed Lodul
 11080 | D:10     | Killed Lodul
 11081 | D:10     | Reached skill level 5 in Dodging
 11081 | D:10     | Reached skill level 1 in Evocations
 11106 | D:10     | Noticed a two-headed ogre
 11113 | D:10     | Killed a two-headed ogre
 11450 | D:11     | Noticed a two-headed ogre
 11466 | D:11     | Killed a two-headed ogre
 11675 | D:11     | Noticed Erolcha
 11682 | D:11     | Killed Erolcha
 11988 | D:11     | Reached XP level 12. HP: 66/92 MP: 19/24
 12585 | Lair:1   | Entered Level 1 of the Lair of Beasts
 13285 | Lair:1   | You fall into a shaft and drop 1 floor!
 13332 | Lair:2   | Noticed a five-headed hydra
 13341 | Lair:2   | Killed a five-headed hydra
 13512 | Lair:2   | Reached skill level 9 in Poison Magic
 13517 | Lair:2   | Reached skill level 5 in Shields
 13679 | Lair:2   | Reached skill level 5 in Fighting
 14131 | Lair:1   | Noticed Nergalle
 14142 | Lair:1   | Killed Nergalle
 14492 | Lair:1   | Learned a level 5 spell: Iskenderun's Battlesphere
 14497 | Lair:1   | Learned a level 4 spell: Airstrike
 14996 | Lair:1   | Reached ***** piety under Sif Muna
 14996 | Lair:1   | Received a gift from Sif Muna
 15002 | Lair:1   | Got Sif Muna's Handbook of Minerals and Ensorcelling {god
                  | gift}
 15008 | Lair:1   | Learned a level 4 spell: Fulminant Prism
 15985 | Lair:2   | Reached XP level 13. HP: 84/101 MP: 5/25
 15992 | Lair:2   | Learned a level 4 spell: Cause Fear
 16102 | Lair:2   | Found a staircase to the Swamp.
 16249 | Lair:3   | Found a dark tunnel.
 16269 | Volcano  | Entered a volcano
 16709 | Volcano  | Noticed a red draconian
 16730 | Volcano  | Mangled by a red draconian

Illustrated notes

Levels and vault maps discovered:
D:1:      shiori_arrival_maze, layout_loops_ring
D:2:      minmay_razor_zed, layout_basic, basic_altar,
          hellmonk_ecumenical_altar_heavens_door
D:3:      layout_loops_ring, uniq_ijyb, uniq_crazy_yiuf_cottage
D:4:      layout_loops_ring, minmay_misc_feat_rugged
D:5:      layout_loops_corners, nicolae_sif_muna_condensation,
          minmay_temple_entry_enclosed_plants, uniq_prince_ribbit1
D:6:      layout_loops_cross, doesnt_xom_only_xom, uniq_edmund
D:7:      layout_gridville, worms_lemuel, uniq_menkaure
D:8:      layout_gridville, lair_entry_dummy, serial_rivers,
          chequers_serial_rivers_micro_e, chequers_serial_rivers_micro_a,
          chequers_serial_rivers_large_b, chequers_serial_rivers_small_3,
          chequers_serial_rivers_micro_d, chequers_serial_rivers_micro_d
D:9:      layout_roguey
D:10:     layout_irregular_city, enter_bailey_5, serial_shops, shop,
          nicolae_blasting_shop, serial_bayou_lagoon_a, uniq_lodul
D:11:     layout_grid_maze, uniq_erolcha
Temple:   mainiacjoe_temple_cubbyholes
Lair:1:   layout_cave_pods, uniq_nergalle
Lair:2:   layout_cellular_growth, minmay_swamp_entry_swarm, beast_lair_carwin_3,
          grunt_megastairs_4
Lair:3:   layout_loops_ring, dummy_snake_entry, nicolae_volcano_entry_hallway,
          st_stairs_7, infiniplex_staircase_pool, lemuel_fruit_tree, uniq_fannar
Volcano:  hellmonk_zot_springs

Skill      XL: |  1  2  3  4  5  6  7  8  9 10 11 12 13 |
---------------+----------------------------------------+-----
Stealth        | 2 3 4 |  4.5
Dodging        | 2 3 4 5 |  5.9
Short Blades   | 1 2 |  2.5
Fighting       | 1 2 3 4 5 |  5.5
Conjurations   | 1 2 3 4 5 6 7 |  7.0
Transmutations | 2 |  2.0
Air Magic      | 1 2 3 4 |  4.0
Staves         | 1 3 4 |  4.9
Spellcasting   | 3 4 5 6 8 |  8.3
Poison Magic   | 4 5 6 7 8 9 |  9.7
Shields        | 2 3 4 5 |  5.3
Hexes          | 2 3 |  3.0
Ice Magic      | 3 4 |  4.0
Invocations    | 2 4 6 8 |  8.0
Long Blades    | 2 4 6 8 |  8.1
Evocations     | 3 |  3.2

Action                     |  1- 3 |  4- 6 |  7- 9 | 10-12 | 13-15 || total
---------------------------+-------+-------+-------+-------+-------++-------
  Melee: Unarmed           |    11 |       |       |       |       ||    11
         Dagger            |   102 |    39 |   156 |       |       ||   297
         Tailslap          |    10 |    18 |    47 |    53 |     7 ||   135
         Punch             |     1 |       |       |       |       ||     1
         Quarterstaff      |       |    75 |    38 |       |       ||   113
         Scimitar          |       |       |    55 |   324 |    28 ||   407
  Throw: Boomerang         |       |       |       |     1 |       ||     1
   Cast: Sting             |    30 |    22 |   108 |   124 |     5 ||   289
         Mephitic Cloud    |       |       |    13 |    28 |     3 ||    44
         Confusing Touch   |       |       |     8 |       |       ||     8
         Olgreb's Toxic Ra |       |       |     6 |    50 |     2 ||    58
         Hailstorm         |       |       |     5 |    31 |     8 ||    44
         Fulminant Prism   |       |       |       |     3 |     3 ||     6
         Airstrike         |       |       |       |       |     3 ||     3
 Invoke: Forget Spell      |       |       |       |     1 |       ||     1
Ability: Breathe Dispellin |       |       |     1 |     4 |     2 ||     7
  Evoke: Wand              |       |       |       |     7 |       ||     7
    Use: Potion            |       |       |       |       |     1 ||     1
   Stab: Sleeping          |     8 |     5 |     3 |     5 |       ||    21
         Confused          |       |       |     8 |    12 |     1 ||    21
 Armour: Skin              |    12 |    28 |    49 |    96 |     9 ||   194
  Dodge: Dodged            |    66 |    97 |   191 |   321 |    16 ||   691
  Block: Buckler           |       |       |    72 |   154 |    10 ||   236
